 Dungeon Crawl Stone Soup version 0.30.0-19-g36f170ea60 (webtiles) character file.

Game seed: 3734533481920168973

55 PoweredByGinger the Firebug (level 3, 0/19 HPs)
             Began as a Deep Elf Fire Elementalist on June 2, 2023.
             Slain by Terence
             ... wielding a +0 short sword
              (4 damage)
             ... on level 2 of the Dungeon.
             The game lasted 00:03:31 (1605 turns).

PoweredByGinger the Firebug (DEFE)                  Turns: 1605, Time: 00:03:31

Health: 0/19       AC:  2    Str:  5    XL:     3   Next: 67%
Magic:  8/10       EV: 13    Int: 21    God:
Gold:   118        SH:  0    Dex: 15    Spells: 8/9 levels left

rFire   . . .        k - +0 glaive
rCold   . . .        (shield currently unavailable)
rNeg    . . .        a - +0 robe
rPois   .            (no helmet)
rElec   .            (no cloak)
rCorr   .            (no gloves)
SInv    .            (no boots)
Will    .....        (no amulet)
Stlth   ++           (no ring)
HPRegen 0.23/turn    (no ring)
MPRegen 0.12/turn

%: no passive effects
@: very slightly contaminated
A: no striking features
a: no special abilities


You were on level 2 of the Dungeon.
You visited 1 branch of the dungeon, and saw 2 of its levels.

You collected 118 gold pieces.

Inventory:

Hand Weapons
 g - a +0 spear
 k - a +0 glaive (weapon)
Armour
 a - a +0 robe (worn)
Jewellery
 f - an amulet of the acrobat
Scrolls
 d - 5 scrolls of identify {unknown}
 e - a scroll of poison {unknown}
 j - a scroll of immolation {unknown}
 l - a scroll of noise {unknown}
Potions
 b - a potion of magic
 c - a potion of brilliance {unknown}
 h - a potion of mutation {unknown}
 i - a potion of curing {unknown}
 m - a potion of flight {unknown}


   Skills:
 + Level 3.1 Dodging
 + Level 3.2 Stealth
 + Level 3.6 Spellcasting
 + Level 2.0 Conjurations
 + Level 3.7 Fire Magic


You had 8 spell levels left.
You knew the following spells:

 Your Spells              Type           Power      Damage    Failure   Level
a - Foxfire               Conj/Fire      60%        2x1d7     3%          1

Your spell library contained the following spells:

 Spells                   Type           Power      Damage    Failure   Level
 Scorch                   Fire           38%        2d6       4%          2
 Inner Flame              Hex/Fire       11%        N/A       17%         3
 Volatile Blastmotes      Fire/Tloc      22%        2d11      17%         3
 Flame Wave               Conj/Fire      15%        2d7       36%         4


Dungeon Overview and Level Annotations

Branches:
Dungeon (2/15)

Altars:
Xom

Annotations:
D:2 Robin, Terence


Message History

You see here a +0 robe.
m - a purple potion Terence the Incautious comes into view.
He is wielding a +0 short sword.
Terence shouts!
A hobgoblin comes into view.
A kobold comes into view. It is wielding a +0 dagger.
Casting: Foxfire (safe; 3% risk of failure)
Confirm with . or Enter, or press ? or * to list all spells.
You conjure some foxfire!
The kobold shouts!
Terence hits you with a +0 short sword.
You hit Terence but do no damage.
The foxfire hits Terence.
Terence is lightly wounded.
The foxfire hits Terence but does no damage.
Terence is lightly wounded.
Terence hits you with a +0 short sword.
Unknown command.
Casting: Foxfire (safe; 3% risk of failure)
Confirm with . or Enter, or press ? or * to list all spells.
You conjure some foxfire!
Terence hits you with a +0 short sword.
You closely miss Terence.
Terence is lightly wounded.
The foxfire hits Terence but does no damage.
Terence is lightly wounded.
The foxfire hits Terence.
Terence is moderately wounded.
The hobgoblin misses you. Terence hits you with a +0 short sword.
The hobgoblin barely misses you. Terence misses you.
Unknown command.
Terence attacks as you move away! Terence barely misses you.
The hobgoblin attacks as you move away! The hobgoblin misses you.
Terence attacks as you move away! Terence hits you with a +0 short sword.
Terence attacks as you move away! Terence hits you with a +0 short sword.
* * * LOW HITPOINT WARNING * * *
Casting: Foxfire (safe; 3% risk of failure)
Confirm with . or Enter, or press ? or * to list all spells.
You miscast Foxfire.
You are very lightly contaminated with residual magic.
Nothing appears to happen.
Terence hits you with a +0 short sword.
You die...

# #.###### #......#####
##############
#.#........#####............#
#...........gK@@.........##.#
...#.##.###.#####.#######.##.##
.. #. #......# #.#######.#...##
. .#####..####.#..##........##
.. ...........................#
....
.######.####.##.#...........
... #.# #.##.##.......... ..
#.# #.##.##........#. . #.#
#.##.####.#...##.


You could see Terence, a hobgoblin and a kobold.

Vanquished Creatures
  A gnoll (D:1)
  A worm (D:2)
  3 dart slugs (D:1)
  A ball python (D:1)
  4 bats
  An endoplasm (D:2)
  3 giant cockroaches
  2 goblins (D:1)
  3 hobgoblins (D:1)
  4 jackals (D:1)
  3 quokkas
  3 kobolds
  4 rats
33 creatures vanquished.

Vanquished Creatures (others)
  65 foxfires
65 creatures vanquished.

Grand Total: 98 creatures vanquished

Notes
Turn   | Place    | Note
-------+----------+-------------------------------------------
     0 | D:1      | PoweredByGinger the Deep Elf Fire Elementalist began the
                  | quest for the Orb.
     0 | D:1      | Reached XP level 1. HP: 10/10 MP: 6/6
   107 | D:1      | Reached XP level 2. HP: 6/15 MP: 1/8
   412 | D:1      | Reached XP level 3. HP: 17/19 MP: 7/9
   980 | D:2      | Found a shimmering altar of Xom.
  1179 | D:2      | Noticed Robin
  1587 | D:2      | Noticed Terence
  1605 | D:2      | Slain by Terence

Illustrated notes

Levels and vault maps discovered:
D:1:      nzn_arrival_water_spiral, layout_loops_ring
D:2:      layout_loops_ring, basic_altar, uniq_terence, uniq_sigmund, uniq_robin

Skill      XL: |  1  2  3 |
---------------+----------+-----
Stealth        | 3 |  3.2
Dodging        | 3 |  3.1
Conjurations   | 2 |  2.0
Spellcasting   | |  3.6
Fire Magic     | |  3.7

Action                     || total
---------------------------++-------
  Melee: Unarmed           ||     8
         Spear             ||    28
         Glaive            ||     9
   Cast: Foxfire           ||    35
   Stab: Sleeping          ||     6
 Armour: Robe              ||     4
  Dodge: Dodged            ||    33
